AoeStats
← HT229

Hideout

510230697Analyzed
1v1 RM · 11h ago on Sep 30, 2026· 15m 54s· 2 players
Game mode
Random Map
Map size
Tiny (2 player)
Population
200
Speed
Normal
Resources
Standard
Victory
Conquest
Starting age
Dark Age
Ending age
Imperial Age
RankedLock teamsTeams togetherTeam positionsShared explorationLock speedFull tech treeHidden civsTurbo modeCheats
Victory
Defeat
1769
+23
🇻🇳 Mongols · Vietnam
1936
-23
HT229
9:08 Feudal Age
10:24 Loom
16:24 Castle Age
Konstantín Rokossovski
5:50 Loom
8:19 Feudal Age
8:26 Man-at-Arms
10:32 Arson
14:37 Double-Bit Axe
Connection lost

Rejoining the realm…

Still unreachable

The connection could not be restored.

Session expired

The server has moved on; the page needs a fresh start.